 Dungeon Crawl Stone Soup version 0.18-a0-1164-g7046a04 (webtiles) character file.

55 poirepourri the Ruffian (level 3, -3/28 HPs)
             Began as a Draconian Transmuter on Jan 25, 2016.
             Slain by a gnoll
             ... wielding a +0 spear
              (5 damage)
             ... on level 2 of the Dungeon.
             The game lasted 00:05:07 (2577 turns).

poirepourri the Ruffian (Draconian Transmuter)      Turns: 2577, Time: 00:05:07

Health: -3/28      AC:  6    Str: 12    XL:     3   Next: 67%
Magic:  1/6        EV: 11    Int: 14    God:
Gold:   103        SH:  3    Dex: 11    Spells: 3 memorised, 0 levels left

rFire  + . .     SeeInvis .       - Unarmed
rCold  . . .     Gourm    .     (armour unavailable)
rNeg   . . .     Faith    .     r - +0 buckler
rPois  .         Spirit   .     (helmet restricted)
rElec  .         Dismiss  .     i - +0 cloak
rCorr  .         Reflect  .     (no gloves)
SustAt .         Harm     .     (no boots)
MR     .....                    (no amulet)
Stlth  +.........               (no ring)
                                k - ring of protection from fire

@: very slightly contaminated, not resistant to hostile enchantments, very
unstealthy
A: unfitting armour, cold-blooded, AC +5
a: no special abilities


You were on level 2 of the Dungeon.
You were not hungry.

You visited 1 branch of the dungeon, and saw 2 of its levels.

You collected 103 gold pieces.

Inventory:

Missiles
 a - 7 arrows
Armour
 i - a +0 cloak (worn)
 r - a +0 buckler (worn)
Jewellery
 k - a ring of protection from fire (left hand)
Scrolls
 e - a scroll of amnesia {unknown}
 t - a scroll of fear
Potions
 d - a potion of flight
 f - a potion of heal wounds
 j - a potion of mutation
 o - 2 potions of curing
Books
 b - a book of Changes

   Spells                             Type                      Level
   a - Beastly Appendage              Transmutation                1
   b - Sticks to Snakes               Transmutation                2
   c - Spider Form                    Transmutation/Poison         3
   d - Ice Form                       Ice/Transmutation            4
   e - Blade Hands                    Transmutation                5
Comestibles
 c - 2 bread rations
 g - a beef jerky
 l - a meat ration
 m - a royal jelly


   Skills:
 + Level 1.3 Fighting
 + Level 2.6 Dodging
 + Level 0.4 Stealth
 + Level 3.6 Unarmed Combat
 + Level 2.2 Spellcasting
 + Level 2.1 Transmutations


You couldn't memorise any spells.
You knew the following spells:

 Your Spells              Type           Power        Failure   Level  Hunger
a - Beastly Appendage     Trmt           #.....       17%         1    #......
b - Sticks to Snakes      Trmt           #.......     28%         2    ###....
c - Spider Form           Trmt/Pois      #.........   78%         3    ###....


Dungeon Overview and Level Annotations

Branches:
Dungeon (2/15)

Altars:
Fedhas


Innate Abilities, Weirdness & Mutations

Your plain brown scales are hard (AC +5).
Your body does not fit into most forms of armour.
You are cold-blooded and may be slowed by cold attacks.


Message History

You miscast Sticks to Snakes.
Nothing appears to happen.
The gnoll hits you from afar with a spear.
* * * LOW HITPOINT WARNING * * *
There is an escape hatch in the ceiling here.
The gnoll barely misses you.
Casting: Sticks to Snakes
Confirm with . or Enter, or press ? or * to list all spells.
You don't know that spell.
You block the gnoll's attack. You block the gnoll's attack.
The gnoll hits you from afar with a spear.
* * * LOW HITPOINT WARNING * * *
Casting: Sticks to Snakes
Confirm with . or Enter, or press ? or * to list all spells.
You miscast Sticks to Snakes.
Your skin glows momentarily.
The gnoll hits you from afar with a spear.
* * * LOW HITPOINT WARNING * * *
You see here a dagger.
The gnoll hits you from afar with a spear.
You die...

#### ###########
...########.........#
.#.......##.#######.#
.>.#####.##.# #.#
.......#.##.# #.#
##.###.#.##.# #.# ##.#
#.#....#######.#
##.###..........@.#.##
...^........#####.#..#
##.########.# #g##.#
##.# #)# #g##.# ##.#
#.# #.##.# .#.# #.#
#.##.# ...########>#
#.##.# .#.#........#
#g##.# ##.#.########
#.##.#


You could see 3 gnolls.

Vanquished Creatures
  An adder (D:2)
  A giant gecko (D:1)
  4 bats (D:1)
  2 giant cockroaches (D:1)
  5 goblins
  5 hobgoblins
  5 jackals (D:2)
  8 kobolds
  A ball python (D:1)
  5 giant newts
  5 rats (D:1)
42 creatures vanquished.

Notes
Turn   | Place    | Note
--------------------------------------------------------------
     0 | D:1      | poirepourri the Draconian Transmuter began the quest for the Orb.
     0 | D:1      | Reached XP level 1. HP: 16/16 MP: 3/3
   556 | D:1      | Reached XP level 2. HP: 21/23 MP: 3/5
  1298 | D:1      | Reached XP level 3. HP: 26/28 MP: 6/6
  1516 | D:1      | Learned a level 2 spell: Sticks to Snakes
  1520 | D:1      | Learned a level 3 spell: Spider Form
  2102 | D:2      | Found a blossoming altar of Fedhas.
  2566 | D:2      | HP: 1/28 [gnoll/spear (2)]
  2577 | D:2      | Slain by a gnoll

Vault maps used:
D:1:      lightli_arrival_lavapool, hangedman_decor_diamond_cutter
D:2:      nicolae_overflow_crystal_walls, grunt_temple_overflow_gold_and_silver,
          overflow_temple_1_default, first_bread, uniq_jessica

Action                   || total
-------------------------++-------
Melee: Unarmed           ||   201
 Cast: Beastly Appendage ||    12
       Sticks to Snakes  ||     5
  Use: Scroll            ||    11
       Potion            ||     1
  Eat: Beef jerky        ||     1
       Meat ration       ||     1
